 Dungeon Crawl Stone Soup version 0.17-a0-2073-gde5cdba (webtiles) character file.

20657 Ohli the Blocker (level 12, 0/106 HPs)
             Began as a Minotaur Fighter on Oct 15, 2015.
             Was a High Priest of Nemelex Xobeh.
             Slain by an alligator (2 damage)
             ... on level 1 of the Swamp.
             The game lasted 01:12:22 (13376 turns).

Ohli the Blocker (Minotaur Fighter)                Turns: 13376, Time: 01:12:28

Health: 0/106      AC: 15    Str: 28    XL:     12   Next: 47%
Magic:  13/13      EV: 20    Int:  4    God:    Nemelex Xobeh [*****.]
Gold:   734        SH: 17    Dex: 16    Spells: 0 memorised, 11 levels left

rFire  . . .     SeeInvis .     G - +3 hand axe (elec)
rCold  + . .     Clarity  .     b - +0 scale mail
rNeg   . . .     SustAt   .     c - +1 shield
rPois  .         Gourm    .     (helmet restricted)
rElec  +         Spirit   .     D - +2 cloak of Starlight {rElec rC+ EV+4 Stlth--}
rCorr  .         Warding  .     (no gloves)
rMut   .         Stasis   +     t - +0 pair of boots
MR     .....                    u - amulet of stasis
Stlth  ..........               j - +2 ring of dexterity
                                M - +3 ring of strength

@: not resistant to hostile enchantments, extremely unstealthy
A: retaliatory headbutt, horns 2, large bone plates 1, berserk 1, blurry vision
1, mutation resistance 1, spit poison 1, strong 1
a: Spit Poison, Triple Draw, Deal Four, Stack Five, Renounce Religion


You were on level 1 of the Swamp.
You worshipped Nemelex Xobeh.
Nemelex Xobeh was extremely pleased with you.
You were not hungry.

You visited 3 branches of the dungeon, and saw 14 of its levels.

You collected 919 gold pieces.
You spent 185 gold pieces at shops.

Inventory:

Hand Weapons
 G - a +3 hand axe of electrocution (weapon)
 H - a +3 falchion of slicing
Missiles
 q - 3 throwing nets (quivered)
Armour
 b - a +0 scale mail (worn)
 c - a +1 shield (worn)
 t - a +0 pair of boots (worn)
 D - the +2 cloak of Starlight (worn) {rElec rC+ EV+4 Stlth--}
   (You found it on level 7 of the Dungeon)

   It affects your evasion (+4).
   It protects you from cold.
   It insulates you from electricity.
   It makes you much less stealthy.
Jewellery
 j - a +2 ring of dexterity (right hand)
 u - an amulet of stasis (around neck)
 M - a +3 ring of strength (left hand)
Wands
 C - a wand of fire (7)
 X - a wand of confusion (27)
Scrolls
 f - 6 scrolls of fear
 h - 6 scrolls of enchant armour
 i - 6 scrolls of amnesia
 n - a scroll of blinking
 o - 7 scrolls of identify
 r - 2 scrolls of enchant weapon
 v - 3 scrolls of teleportation
 w - 8 scrolls of remove curse
 y - a scroll of brand weapon {unknown}
 A - 5 scrolls of recharging
 I - 2 scrolls of fog
 O - a scroll of silence {unknown}
 R - a scroll of vulnerability {unknown}
Potions
 a - a potion of invisibility
 d - 5 potions of might
 g - 2 potions of haste {unknown}
 k - 3 potions of curing
 l - a potion of cancellation {unknown}
 m - 3 potions of brilliance {unknown}
 z - a potion of resistance {unknown}
 B - a potion of flight {unknown}
 E - 2 potions of magic {unknown}
 J - a potion of beneficial mutation {unknown}
 P - a potion of degeneration {unknown}
 S - 2 potions of lignification {unknown}
 U - a potion of heal wounds {unknown}
 Y - a potion of agility
Miscellaneous
 p - a legendary deck of destruction
 x - a plain deck of destruction {drawn: 4}
 K - a plain deck of destruction
Comestibles
 e - 13 bread rations
 s - 5 meat rations
 L - 4 chunks of flesh
 N - 6 fruits
 Z - 5 beef jerkies


   Skills:
 + Level 9.9 Fighting
 + Level 11.0 Axes
 + Level 3.1 Throwing
 + Level 10.8 Armour
 + Level 9.4 Dodging
 + Level 2.1 Stealth
 + Level 13.1 Shields
 + Level 3.5 Evocations


You had 11 spell levels left.
You didn't know any spells.

Dungeon Overview and Level Annotations

Branches:
Dungeon (9/15)             Temple (0/1) D:7            Lair (4/8) D:9
  Swamp (1/4) Lair:4
  Snake: Lair:3-6    Spider: Lair:3-6       Orc: D:9-12

Altars:
Ashenzari
Kikubaaqudgha
Nemelex Xobeh
Okawaru
Qazlal
Ru
Sif Muna
Zin
The Shining One

Shops:
D:6 :   D:8 !


Innate Abilities, Weirdness & Mutations

You reflexively headbutt those who attack you in melee.
You have a pair of horns on your head.
You are partially covered in large bone plates (AC +2, SH +2).
You tend to lose your temper in combat.
Scrolls take you a little longer to read.
You are somewhat resistant to further mutation.
You can spit weak poison.
Your muscles are strong. (Str +2)


Message History

* * * LOW HITPOINT WARNING * * *
The alligator closely misses you. You furiously retaliate!
You headbutt the alligator, but do no damage.
The alligator barely misses you.
You feel better. You block the swamp worm's attack.
You block the alligator's attack. x2
The alligator barely misses you. The alligator completely misses you.
The swamp worm bites you.
* * * LOW HITPOINT WARNING * * *
You block the alligator's attack. The alligator tail-slaps you!
* * * LOW HITPOINT WARNING * * *
You block the alligator's attack. The alligator tail-slaps you!
* * * LOW HITPOINT WARNING * * *
You feel better. The swamp worm misses you. The alligator bites you.
* * * LOW HITPOINT WARNING * * *
The alligator misses you. The alligator bites you.
* * * LOW HITPOINT WARNING * * *
The alligator tail-slaps you.
You die...
Your body glows with a rainbow of weird colours and disappears.

........≈♣ ♣...<≈≈≈≈.≈≈.♣≈
.≈≈≈.....♣♣♣÷..≈≈≈≈≈.≈≈≈..
.≈≈≈..≈≈≈≈♣♣....≈≈≈≈.....≈
.≈≈...≈≈≈≈ ♣...♣.§≈≈..≈≈.≈
♣.≈≈≈....♣♣♣♣♣♣≈≈≈≈≈≈≈.≈≈≈
♣..≈....≈♣♣...≈♣.≈≈≈≈≈§.≈≈
≈..≈≈....≈.≈≈..♣♣≈≈.....≈.
.≈≈≈≈...tt≈≈≈≈.♣♣♣≈.......
≈≈≈≈≈≈≈≈.@.≈≈≈.♣ ♣.≈...≈≈.
≈≈≈≈≈≈≈≈w...≈≈≈.♣♣....≈≈≈≈
....≈≈≈≈≈≈....≈♣♣♣♣♣≈..≈≈≈
......≈≈≈≈....♣♣ ♣♣♣♣.≈≈
....≈.≈§.♣♣≈≈.♣ ♣♣♣...
.≈.≈..≈≈♣♣.§≈≈♣ ♣.≈≈≈≈
≈...≈♣♣ ≈≈.♣ ♣≈≈≈≈≈ ....
≈≈.♣ ♣≈≈≈≈≈ ♣♣..≈≈


You could see 2 alligators and a swamp worm.

Vanquished Creatures
  A thorn hunter (Swamp:1)
  A hydra (Lair:2)
  A queen ant (Lair:2)
  An alligator (Swamp:1)
  Urug (Lair:1)
  Pikel (D:6)
  An elephant (D:9)
  A black mamba (Lair:2)
  Joseph (D:9)
  2 spiny frogs
  5 komodo dragons
  A troll (D:7)
  A giant leech (Swamp:1)
  7 blink frogs (Lair:1)
  16 yaks
  A wyvern (D:8)
  A basilisk (Lair:4)
  6 hippogriffs
  A swamp worm (Swamp:1)
  5 vampire mosquitoes (Lair:4)
  9 water moccasins
  Duvessa (D:4)
  9 wolves (Lair:2)
  6 soldier ants (Lair:2)
  A swamp drake (Swamp:1)
  3 ice beasts (D:6)
  4 slaves (D:6)
  3 black bears
  A phantom (D:6)
  7 porcupines
  A sky beast (D:5)
  4 ogres
  3 crocodiles
  8 giant frogs
  Dowan (D:4)
  A scorpion (D:8)
  A crimson imp (D:8)
  A giant frog zombie (D:6)
  2 orc wizards
  3 giant frog skeletons
  4 hounds
  5 iguanas
  A centaur skeleton (D:6)
  Jessica (D:6)
  25 worker ants
  10 sheep
  Robin (D:4)
  10 adders
  3 gnolls (D:2)
  37 river rats
  2 shadow imps
  2 oozes
  2 adder skeletons
  A worm (D:5)
  2 giant geckos
  29 orcs
  6 bats
  A giant cockroach (D:2)
  14 goblins
  14 hobgoblins
  9 jackals
  6 quokkas
  3 ball pythons
  A giant gecko skeleton (D:6)
  4 giant newts
  A goblin zombie (D:8)
  2 hobgoblin zombies (D:8)
  A jackal skeleton (D:8)
  4 kobolds
  2 kobold skeletons (D:8)
  3 orc skeletons (D:8)
  A quokka skeleton (D:8)
  8 rats
  2 fungi
  2 plants
343 creatures vanquished.

Vanquished Creatures (collateral kills)
  A hydra (Lair:4)
  A cyclops (D:9)
  A hippogriff (Lair:4)
  3 river rats
6 creatures vanquished.

Vanquished Creatures (others)
  A fungus (D:9)
  2 plants (Lair:2)
3 creatures vanquished.

Grand Total: 352 creatures vanquished

Notes
Turn   | Place    | Note
--------------------------------------------------------------
     0 | D:1      | Ohli the Minotaur Fighter began the quest for the Orb.
     0 | D:1      | Reached XP level 1. HP: 19/19 MP: 0/0
    90 | D:1      | Reached skill level 4 in Armour
   113 | D:1      | Reached XP level 2. HP: 5/27 MP: 1/1
   633 | D:1      | Reached XP level 3. HP: 33/33 MP: 2/2
  1102 | D:2      | Found an ancient bone altar of Kikubaaqudgha.
  1171 | D:2      | Reached skill level 1 in Dodging
  1172 | D:2      | Reached XP level 4. HP: 30/40 MP: 3/3
  1237 | D:2      | Found a sparkling altar of Nemelex Xobeh.
  1241 | D:2      | Became a worshipper of Nemelex Xobeh the Trickster
  1495 | D:2      | Received a gift from Nemelex Xobeh
  1994 | D:3      | Found a sacrificial altar of Ru.
  2100 | D:3      | Received a gift from Nemelex Xobeh
  2309 | D:3      | Reached * piety under Nemelex Xobeh
  2366 | D:3      | Reached XP level 5. HP: 45/47 MP: 4/4
  2820 | D:4      | Noticed Robin
  2828 | D:4      | Killed Robin
  2953 | D:4      | Noticed Dowan
  2959 | D:4      | Killed Dowan
  2960 | D:4      | Noticed Duvessa
  2993 | D:4      | Reached XP level 6. HP: 12/53 MP: 5/5
  3007 | D:4      | Reached skill level 5 in Armour
  3282 | D:4      | Killed Duvessa
  3282 | D:4      | Reached skill level 5 in Fighting
  3282 | D:4      | Reached skill level 5 in Shields
  3834 | D:5      | Entered Level 5 of the Dungeon
  3852 | D:5      | Reached XP level 7. HP: 61/61 MP: 6/6
  3865 | D:5      | Received a gift from Nemelex Xobeh
  3886 | D:5      | Reached ** piety under Nemelex Xobeh
  3931 | D:5      | Found an iron altar of Okawaru.
  3944 | D:5      | Received a gift from Nemelex Xobeh
  4053 | D:5      | Gained mutation: Your muscles are strong. (Str +2) [mutagenic meat]
  4054 | D:5      | Gained mutation: You tend to lose your temper in combat. [mutagenic meat]
  4055 | D:5      | Gained mutation: You have an increased reservoir of magic (+10% MP). [mutagenic meat]
  4323 | D:6      | Reached skill level 1 in Throwing
  4356 | D:6      | Reached skill level 6 in Armour
  4419 | D:6      | Received a gift from Nemelex Xobeh
  4594 | D:6      | You fall through a shaft for 3 floors!
  4651 | D:9      | Found a staircase to the Lair.
  4651 | D:9      | Noticed an elephant
  4652 | D:9      | Noticed a yak
  4728 | D:9      | Killed a yak
  4728 | D:9      | Reached skill level 5 in Axes
  4728 | D:9      | Reached XP level 8. HP: 57/70 MP: 8/8
  4751 | D:9      | Killed an elephant
  4751 | D:9      | Reached skill level 7 in Armour
  5121 | D:9      | Noticed a cyclops
  5370 | D:9      | Noticed Joseph
  5421 | D:9      | Found a glowing silver altar of Zin.
  5421 | D:9      | Found a sparkling altar of Nemelex Xobeh.
  5473 | D:9      | Noticed a yak
  5474 | D:9      | Noticed a yak
  5474 | D:9      | Noticed a yak
  5477 | D:9      | Noticed a yak
  5481 | D:9      | Killed a yak
  5482 | D:9      | Noticed a yak
  5484 | D:9      | Reached skill level 1 in Evocations
  5491 | D:9      | Killed a yak
  5491 | D:9      | Reached skill level 5 in Dodging
  5493 | D:9      | Killed a yak
  5493 | D:9      | Reached XP level 9. HP: 51/78 MP: 10/10
  5498 | D:9      | Killed a yak
  5520 | D:9      | Killed a yak
  5587 | D:9      | Killed a cyclops
  5587 | D:9      | Reached skill level 8 in Armour
  5784 | D:9      | Reached *** piety under Nemelex Xobeh
  5856 | D:8      | Found a glowing golden altar of the Shining One.
  6014 | D:8      | Noticed a komodo dragon
  6025 | D:8      | Killed a komodo dragon
  6050 | D:8      | Received a gift from Nemelex Xobeh
  6344 | D:8      | Found Diuraty's Distillery.
  6352 | D:8      | Bought a potion of invisibility for 80 gold pieces
  6352 | D:8      | Bought a potion of might for 40 gold pieces
  6352 | D:8      | Bought a potion of agility for 40 gold pieces
  6352 | D:8      | Bought a potion of mutation for 25 gold pieces
  6378 | D:8      | Found a shattered altar of Ashenzari.
  6454 | D:8      | Lost mutation: You have an increased reservoir of magic (+10% MP). [potion of mutation]
  6454 | D:8      | Gained mutation: You are somewhat resistant to further mutation. [potion of mutation]
  6456 | D:8      | Gained mutation: You are partially covered in large bone plates (AC +2, SH +2). [potion of mutation]
  6456 | D:8      | Gained mutation: Scrolls take you a little longer to read. [potion of mutation]
  6752 | D:7      | Reached XP level 10. HP: 46/86 MP: 10/10
  6968 | D:7      | Found a stormy altar of Qazlal.
  7147 | D:7      | Reached **** piety under Nemelex Xobeh
  7176 | D:7      | Found a staircase to the Ecumenical Temple.
  7341 | D:7      | Reached skill level 9 in Shields
  7423 | D:6      | Noticed Pikel
  7461 | D:6      | Killed Pikel
  7861 | D:6      | Found Yhawobu's Book Shoppe.
  7863 | D:6      | Received a gift from Nemelex Xobeh
  7932 | D:6      | Noticed Jessica
  7953 | D:6      | Killed Jessica
  7961 | D:6      | Found a deep blue altar of Sif Muna.
  8553 | D:9      | Killed Joseph
  8674 | Lair:1   | Entered Level 1 of the Lair of Beasts
  8725 | Lair:1   | Noticed Urug
  8733 | Lair:1   | XOM: harmless Summ miscast
  8750 | Lair:1   | Killed Urug
  8750 | Lair:1   | Reached skill level 10 in Shields
  9132 | Lair:1   | Reached XP level 11. HP: 84/95 MP: 12/12
  9300 | Lair:1   | Received a gift from Nemelex Xobeh
  9381 | Lair:1   | Gained mutation: You can spit weak poison. [potion of mutation]
  9819 | Lair:2   | Drew Focus: Str increased to 22, Int decreased to 4
  9826 | Lair:2   | Reached skill level 10 in Armour
  9927 | Lair:2   | Noticed a seven-headed hydra
 10140 | Lair:2   | Reached skill level 1 in Stealth
 10144 | Lair:2   | Reached skill level 11 in Shields
 10198 | Lair:2   | Received a gift from Nemelex Xobeh
 10318 | Lair:2   | Killed a seven-headed hydra
 10526 | Lair:2   | Noticed a queen ant
 10932 | Lair:2   | Killed a queen ant
 11535 | Lair:3   | Reached skill level 10 in Axes
 11576 | Lair:3   | Reached skill level 12 in Shields
 11649 | Lair:3   | Received a gift from Nemelex Xobeh
 12039 | Lair:3   | Received a gift from Nemelex Xobeh
 12129 | Lair:3   | Reached XP level 12. HP: 96/104 MP: 13/13
 12357 | Lair:4   | Noticed an eight-headed hydra
 12365 | Lair:4   | Killed an eight-headed hydra
 12498 | Lair:4   | Found a staircase to the Swamp.
 12498 | Lair:4   | Reached ***** piety under Nemelex Xobeh
 12575 | Lair:4   | Received a gift from Nemelex Xobeh
 13225 | Swamp:1  | Entered Level 1 of the Swamp
 13225 | Swamp:1  | Noticed a thorn hunter
 13242 | Swamp:1  | Killed a thorn hunter
 13242 | Swamp:1  | Reached skill level 13 in Shields
 13375 | Swamp:1  | HP: 3/106 [alligator (7)]
 13376 | Swamp:1  | Slain by an alligator

Vault maps used:
D:1:      lordsloth_arrival_two_stooges, due_unseen_surprise
D:2:      old_standard_altar, nemelex_dance_club_becter
D:3:      nicolae_ru_path_of_blood, minmay_misc_feat_nine_boxes, st_stairs_3
D:4:      kennysheep_pointless_box, uniq_duvessa, uniq_robin
D:5:      lemuel_crystal_altar, first_bread
D:6:      tgw_sif, serial_shops, shop, minivault_24, uniq_pikel
D:7:      minmay_temple_entry_nine_rooms, grunt_ogre_cave,
          small_statue_intersection, nicolae_qazlal_general_emergency
D:8:      nicolae_overflow_hidden_temple, serial_shops, shop_statue,
          nicolae_tso_besieged_by_evil
D:9:      gammafunk_temple_overflow_elements, david_lair_generic, uniq_joseph
Lair:1:   uniq_urug
Lair:2:   zaba_antful_of_joy
Lair:3:   minivault_24, grunt_megastairs_3
Lair:4:   minmay_swamp_entry_swarm
Swamp:1:  evilmike_swamp_ruin_rubble_1, uniq_donald

Action                   |  1- 3 |  4- 6 |  7- 9 | 10-12 || total
-------------------------+-------+-------+-------+-------++-------
Melee: War axe           |    89 |   171 |    24 |       ||   284
       Hand axe          |       |       |   174 |   505 ||   679
Throw: Tomahawk          |       |     5 |       |     5 ||    10
       Throwing net      |       |       |       |     1 ||     1
Invok: Triple Draw       |       |       |       |     1 ||     1
       Deal Four         |       |       |       |     1 ||     1
 Abil: Spit Poison       |       |       |       |     1 ||     1
Evoke: Deck              |       |     2 |    11 |    19 ||    32
       Wand              |       |       |     1 |     1 ||     2
  Use: Scroll            |     1 |     2 |     3 |     9 ||    15
       Potion            |       |       |     2 |     6 ||     8
 Stab: Invisible         |       |       |       |     4 ||     4
       Distracted        |       |       |       |     1 ||     1
  Eat: Chunk             |     1 |     9 |    10 |    15 ||    35
       Beef jerky        |       |       |     2 |     3 ||     5
       Fruit             |       |       |       |     4 ||     4
